 Dungeon Crawl Stone Soup version 0.16-a0-2702-gfff482a (webtiles) character file.

45345 Ololoev the Spear-Bearer (level 14, -9/98 HPs)
             Began as a Mummy Chaos Knight on Nov 25, 2014.
             Was a Plaything of Xom.
             Mangled by a death yak (13 damage)
             ... on level 6 of the Lair of Beasts.
             The game lasted 02:47:44 (29260 turns).

Ololoev the Spear-Bearer (Mummy Chaos Knight)      Turns: 29260, Time: 02:47:44

Health: -9/98      AC: 25    Str: 16    XL:     14   Next: 0%
Magic:  0/26       EV: 10    Int: 14    God:    Xom
Gold:   1750       SH:  0    Dex: 11    Spells: 7 memorised, 3 levels left

rFire  . . .     SeeInvis .     i - +0 halberd (protect)
rCold  + . .     Clarity  .     R - +5 ring mail of the Gravedigger {+Rage +Fly rElec} (curse)
rNeg   + + +     SustAb   .     (no shield)
rPois  ∞         Gourm    .     (no helmet)
rElec  +         Spirit   +     s - +1 cloak
rCorr  .         Warding  .     l - +2 pair of gloves
rMut   .         Stasis   .     r - +2 pair of boots
MR     +....                    A - amulet of guardian spirit
Stlth  ..........               n - ring of wizardry
                                Q - ring of protection from fire

@: confused, somewhat resistant to hostile enchantments, extremely unstealthy
A: no food or potions, fire vulnerability, in touch with death, restore body,
cold resistance 1, negative energy resistance 3, poison resistance, torment
resistance, unbreathing
a: Self-Restoration, Renounce Religion, Evoke Flight


You were on level 6 of the Lair of Beasts.
You worshipped Xom.
You were a special plaything of Xom.
You were not hungry.

You visited 2 branches of the dungeon, and saw 19 of its levels.
You also visited: Ossuary, Ice Cave and Volcano.

You collected 1804 gold pieces.
You spent 54 gold pieces at shops.

Notes
Turn   | Place    | Note
--------------------------------------------------------------
     0 | D:1      | Ololoev, the Mummy Chaos Knight, began the quest for the Orb.
     0 | D:1      | Reached XP level 1. HP: 18/18 MP: 1/1
   296 | D:1      | Reached XP level 2. HP: 24/24 MP: 2/2
   352 | D:1      | XOM: silly message
   685 | D:1      | XOM: harmless Summ miscast
   767 | D:1      | XOM: potion effect (invisibility)
  1003 | D:1      | XOM: silly message
  1039 | D:2      | Reached XP level 3. HP: 21/29 MP: 3/3
  1104 | D:2      | XOM: harmless Erth miscast
  1468 | D:2      | Found a blossoming altar of Fedhas.
  1817 | D:2      | XOM: god gift: glowing silver wand {god gift}
  1969 | D:2      | Reached skill level 4 in Polearms
  1982 | D:2      | Reached XP level 4. HP: 35/35 MP: 4/4
  2402 | D:3      | XOM: confuse monster(s)
  2613 | D:3      | XOM: harmless Ice miscast
  2724 | D:3      | Reached skill level 1 in Evocations
  2992 | D:4      | Reached XP level 5. HP: 39/41 MP: 4/6
  3089 | D:4      | XOM: silly message
  3095 | D:4      | XOM: cast spell 'Blink'
  3174 | D:4      | XOM: noise
  3181 | D:4      | Noticed a centaur
  3458 | D:4      | Killed a centaur
  3458 | D:4      | Reached XP level 6. HP: 34/47 MP: 7/9
  3781 | D:4      | Found a glowing golden altar of the Shining One.
  3817 | D:5      | Entered Level 5 of the Dungeon
  3833 | D:5      | Found Geasukkise's Armour Boutique.
  3836 | D:5      | Bought a +0 pair of boots for 54 gold pieces
  3943 | D:5      | XOM: enchant monster (good)
  4240 | D:5      | XOM: 5-stop teleportation journey
  4402 | D:5      | Found a basalt altar of Yredelemnul.
  4402 | D:5      | Found a deep blue altar of Sif Muna.
  4606 | D:5      | Found a staircase to the Ecumenical Temple.
  4634 | D:5      | XOM: 7-stop teleportation journey
  4662 | D:5      | XOM: god gift: 20 stones
  4693 | D:5      | XOM: 1-stop teleportation journey
  4827 | D:5      | XOM: summons 2 hostile shadow creatures
  5098 | D:5      | Reached skill level 5 in Polearms
  5181 | D:5      | XOM: summons 6 friendly demons
  5216 | D:5      | Reached XP level 7. HP: 18/52 MP: 11/11
  5611 | D:6      | XOM: summons friendly iron imp
  5698 | D:6      | Reached skill level 6 in Polearms
  5980 | D:6      | Noticed Prince Ribbit
  5980 | D:6      | Noticed Prince Ribbit
  5980 | D:6      | Prince Ribbit changed into Prince Ribbit the goliath beetle
  5980 | D:6      | XOM: polymorph Prince Ribbit -> Prince Ribbit the goliath beetle
  6006 | D:6      | Killed Prince Ribbit the goliath beetle
  6105 | D:6      | Found a shattered altar of Ashenzari.
  6105 | D:6      | Found a stormy altar of Qazlal.
  6272 | D:6      | Got an ancient robe
  6283 | D:6      | Identified the +2 robe "Puup" {Stlth+} (You found it on level 6 of the Dungeon)
  6511 | D:6      | Reached skill level 7 in Polearms
  6511 | D:6      | Reached XP level 8. HP: 58/58 MP: 13/13
  6568 | D:7      | XOM: noise
  6594 | D:7      | Noticed Ijyb
  6610 | D:7      | XOM: summons 2 friendly demons
  6616 | D:7      | Killed Ijyb
  6651 | D:7      | Noticed Menkaure
  6722 | D:6      | XOM: vitrification
  6725 | D:7      | Killed Menkaure
  6765 | D:7      | Found a sand-covered staircase.
  6769 | Ossuary  | Entered an ossuary
  7159 | Ossuary  | XOM: scenery: 2 doors close
  7462 | Ossuary  | XOM: god gift: bread ration
  8127 | Ossuary  | XOM: mild Erth miscast
  8312 | D:7      | XOM: confuse monster(s)
  8315 | D:7      | XOM: enchant monster (good)
  8324 | D:7      | Reached skill level 8 in Polearms
  8397 | D:7      | Noticed an angel
  8398 | D:7      | Found a glowing silver altar of Zin.
  8564 | D:7      | XOM: chaos cloud
  8566 | D:7      | Paralysed by you for 3 turns
  8567 | D:7      | XOM: medium Ice miscast
  8578 | D:7      | Noticed a two-headed ogre
  8578 | D:7      | a big kobold changed into a two-headed ogre
  8593 | D:7      | Killed a two-headed ogre
  8672 | D:7      | Found Doesk's Food Shoppe.
  8692 | D:7      | Reached skill level 9 in Polearms
  8707 | D:7      | XOM: scenery: 2 fountains blood, 1 doors open
  9091 | D:8      | Reached XP level 9. HP: 63/63 MP: 15/15
  9101 | D:8      | Found a sparkling altar of Nemelex Xobeh.
  9130 | D:8      | XOM: summons friendly quasit
  9389 | D:8      | XOM: silly message
  9403 | D:8      | Noticed Blork the orc
  9602 | D:8      | Found a staircase to the Lair.
  9711 | D:8      | Killed Blork the orc
  9760 | D:9      | Found a sacrificial altar of Ru.
  9764 | D:9      | Found a white marble altar of Elyvilon.
  9867 | D:9      | XOM: god gift: flail {god gift}
  9880 | D:9      | XOM: divination: detect items
  9891 | D:9      | Noticed a gargoyle
  9896 | D:9      | XOM: enchant monster (good)
  9937 | D:9      | Killed a gargoyle
 10084 | D:9      | Found an iron altar of Okawaru.
 10091 | D:9      | XOM: fog
 10101 | D:9      | XOM: cast spell 'Metabolic Englaciation'
 10107 | D:9      | Reached skill level 10 in Polearms
 10259 | D:9      | Found a radiant altar of Vehumet.
 10336 | D:9      | XOM: 1-stop teleportation journey
 10485 | D:9      | Noticed a green ugly thing
 10486 | D:9      | Reached skill level 5 in Evocations
 10486 | D:9      | XOM: summons friendly shadow imp
 10516 | D:9      | XOM: swap monsters
 10536 | D:9      | Killed a white ugly thing
 10542 | D:9      | XOM: vitrification
 10707 | D:9      | Reached XP level 10. HP: 58/70 MP: 15/18
 10751 | D:9      | XOM: vitrification
 10889 | D:9      | XOM: god gift: 11 poisoned bolts
 10991 | D:9      | XOM: confuse monster(s)
 11199 | D:9      | Found a staircase to the Lair.
 11236 | D:9      | XOM: divination: detect creatures
 11333 | D:10     | Entered Level 10 of the Dungeon
 11507 | D:10     | Found a staircase to the Orcish Mines.
 11823 | D:10     | XOM: harmless Fire miscast
 11944 | D:10     | XOM: divination: magic mapping
 12055 | D:10     | XOM: silly message
 12349 | D:10     | Reached skill level 5 in Armour
 12349 | D:10     | Reached skill level 11 in Polearms
 12350 | D:10     | XOM: potion effect (heal wounds)
 12354 | D:10     | XOM: harmless Hex miscast
 12375 | D:10     | XOM: potion effect (agility)
 12517 | D:10     | Got a scorched mace
 12518 | D:10     | Identified the +10 mace of Xironkon {flame, Int+2} (You found it on level 10 of the Dungeon)
 12644 | D:10     | XOM: mild Trmt miscast
 12795 | D:10     | XOM: colour smoke trail
 12849 | D:10     | XOM: harmless Ice miscast
 13047 | D:10     | XOM: polymorph black bear -> basilisk
 13209 | D:10     | XOM: colour smoke trail
 13349 | D:11     | XOM: medium Ice miscast
 13463 | D:11     | XOM: noise
 13586 | D:11     | Noticed a red ugly thing
 13600 | D:11     | XOM: noise
 13611 | D:11     | XOM: potion effect (haste)
 13647 | D:11     | Killed a red ugly thing
 13680 | D:11     | XOM: harmless Divn miscast
 13693 | D:11     | Reached XP level 11. HP: 75/75 MP: 21/21
 13737 | D:11     | XOM: noise
 13882 | D:11     | XOM: cast spell 'Discord'
 13937 | D:11     | XOM: harmless Ice miscast
 14067 | D:11     | XOM: potion effect (invisibility)
 14175 | D:11     | XOM: colour smoke trail
 14263 | D:11     | XOM: blink monster(s)
 14588 | D:10     | XOM: divination: detect creatures
 14712 | D:10     | XOM: scenery: 1 doors open, 1 doors close
 14877 | D:11     | Learned a level 1 spell: Apportation
 14879 | D:11     | Learned a level 1 spell: Summon Butterflies
 14882 | D:11     | Learned a level 2 spell: Blink
 14918 | D:11     | XOM: cast spell 'Summon Small Mammal'
 14925 | D:11     | Reached skill level 1 in Translocations
 14933 | D:11     | Reached skill level 1 in Summonings
 15069 | D:11     | XOM: mild Chrm miscast
 15162 | D:11     | Noticed a manticore
 15179 | D:11     | Killed a manticore
 15212 | D:11     | XOM: divination: detect items
 15255 | D:11     | XOM: divination: magic mapping
 15306 | D:11     | XOM: enchant monster (bad)
 15476 | D:11     | Reached skill level 12 in Polearms
 15549 | D:11     | Noticed Ololoev's ghost (experienced VSBe)
 15658 | D:11     | XOM: enchant monster (good)
 15677 | D:11     | XOM: summons friendly crimson imp
 15690 | D:11     | XOM: polymorph crimson imp -> quasit
 15691 | D:11     | XOM: enchant monster (good)
 15701 | D:11     | Killed Ololoev's ghost
 15874 | D:12     | Noticed a hill giant
 15899 | D:12     | Killed a hill giant
 16184 | D:12     | XOM: scenery: create altars
 16257 | D:12     | Noticed a hill giant
 16261 | D:12     | Killed a hill giant
 16346 | D:12     | Learned a level 3 spell: Mephitic Cloud
 16389 | D:12     | Reached skill level 1 in Conjurations
 16389 | D:12     | Reached skill level 1 in Air Magic
 16451 | D:12     | XOM: 3-stop teleportation journey
 16536 | D:12     | XOM: god gift: scale mail {god gift}
 16694 | D:12     | XOM: vitrification
 16736 | D:12     | XOM: mild Chrm miscast
 16932 | D:13     | Found a frozen archway.
 16941 | IceCv    | Entered an ice cave
 16962 | IceCv    | XOM: polymorph ice beast -> yellow wasp
 16983 | IceCv    | XOM: swap monsters
 17127 | IceCv    | Noticed an ice statue
 17127 | IceCv    | Noticed an ice statue
 17136 | IceCv    | XOM: fog
 17140 | IceCv    | XOM: summons friendly white imp
 17295 | D:13     | XOM: swap monsters
 17297 | D:13     | XOM: fog
 17300 | D:13     | XOM: summons friendly shadow imp
 17317 | D:13     | Reached XP level 12. HP: 66/81 MP: 17/23
 17319 | D:13     | Noticed a centaur warrior
 17334 | D:13     | XOM: confuse monster(s)
 17342 | D:13     | Killed a centaur warrior
 17356 | D:13     | XOM: 1-stop teleportation journey
 17522 | D:13     | Noticed a hill giant
 17522 | D:13     | XOM: enchant monster (good)
 17527 | D:13     | XOM: god gift: 33 gold pieces
 17543 | D:13     | XOM: butterfly on damage
 17544 | D:13     | XOM: butterfly on damage
 17550 | D:13     | Killed a hill giant
 17839 | D:13     | Reached skill level 1 in Spellcasting
 17889 | D:13     | XOM: enchant monster (bad)
 18037 | D:13     | XOM: silly message
 18048 | D:13     | XOM: enchant monster (good)
 18151 | D:13     | XOM: potion effect (agility)
 18224 | D:13     | XOM: scenery: create altars
 18487 | D:13     | XOM: cast spell 'Summon Swarm'
 18489 | D:13     | Noticed a centaur warrior
 18503 | D:13     | Killed a centaur warrior
 18614 | D:13     | XOM: mild Fire miscast
 18622 | D:13     | XOM: enchant monster (good)
 18623 | D:13     | XOM: potion effect (might)
 18654 | D:13     | Learned a level 6 spell: Freezing Cloud
 18957 | Lair:1   | Entered Level 1 of the Lair of Beasts
 19233 | Lair:1   | XOM: blink monster(s)
 19268 | Lair:1   | XOM: confusion (+ monsters)
 19426 | Lair:1   | XOM: silly message
 19450 | Lair:1   | XOM: summons 5 friendly demons
 19468 | Lair:1   | XOM: polymorph iron imp -> crimson imp
 19483 | Lair:1   | Reached skill level 1 in Ice Magic
 19491 | Lair:1   | XOM: confusion (+ monsters)
 19503 | Lair:1   | XOM: polymorph blink frog -> black bear
 19509 | Lair:1   | XOM: summons 2 friendly demons
 19745 | Lair:1   | XOM: fog
 20128 | Lair:1   | XOM: swap monsters
 20216 | Lair:1   | Learned a level 3 spell: Conjure Flame
 20390 | Lair:1   | XOM: enchant monster (good)
 20535 | Lair:1   | XOM: god gift: 37 gold pieces
 20724 | Lair:2   | Found a dark tunnel.
 20739 | Volcano  | Entered a volcano
 20779 | Volcano  | XOM: colour smoke trail
 20874 | Volcano  | XOM: 1-stop teleportation journey
 21325 | Volcano  | XOM: confuse monster(s)
 21378 | Volcano  | XOM: colour smoke trail
 21414 | Volcano  | XOM: summons 5 friendly demons
 21605 | Lair:2   | XOM: swap monsters
 21627 | Lair:2   | XOM: confuse monster(s)
 21641 | Lair:2   | XOM: 1-stop teleportation journey
 21649 | Lair:2   | XOM: enchant monster (good)
 21650 | Lair:2   | XOM: swap monsters
 21683 | Lair:2   | Got a fine plate armour
 21684 | Lair:2   | Identified the +9 plate armour "Xetzacza" {rF++} (You found it on level 2 of the Lair of Beasts)
 21944 | Lair:2   | XOM: 4-stop teleportation journey
 22139 | Lair:2   | XOM: fog
 22152 | Lair:2   | Reached skill level 13 in Polearms
 22226 | Lair:2   | XOM: god gift: long sword {god gift}
 22228 | Lair:2   | XOM: confuse monster(s)
 22315 | Lair:2   | XOM: scenery: 1 doors open
 22407 | Lair:2   | XOM: cast spell 'Excruciating Wounds'
 22411 | Lair:2   | Noticed a five-headed hydra
 22424 | Lair:2   | Killed a five-headed hydra
 22424 | Lair:2   | Reached XP level 13. HP: 73/86 MP: 15/24
 22720 | Lair:2   | XOM: harmless Erth miscast
 22721 | Lair:2   | XOM: summons friendly white imp
 22730 | Lair:2   | XOM: polymorph river rat -> giant eyeball
 22847 | Lair:2   | XOM: enchant monster (bad)
 22939 | Lair:2   | XOM: god gift: 4 meat rations
 23071 | Lair:3   | XOM: enchant monster (good)
 23254 | Lair:3   | XOM: summons 6 hostile demons
 23324 | Lair:3   | You fall through a shaft!
 23332 | Lair:4   | XOM: confuse monster(s)
 23441 | Lair:4   | Reached skill level 5 in Air Magic
 23538 | Lair:4   | XOM: summons friendly ufetubus
 23767 | Lair:3   | XOM: cast spell 'Dispersal'
 23824 | Lair:3   | XOM: divination: detect creatures
 23825 | Lair:3   | XOM: divination: detect items
 23856 | Lair:3   | XOM: noise
 23879 | Lair:3   | XOM: destruction
 24036 | Lair:3   | Found a staircase to the Snake Pit.
 24462 | Lair:3   | XOM: mild Chrm miscast
 24628 | Lair:4   | XOM: fog
 24873 | Lair:4   | XOM: noise
 25049 | Lair:4   | XOM: divination: detect creatures
 25094 | Lair:4   | XOM: god gift: 14 stones
 25196 | Lair:4   | XOM: potion effect (haste)
 25785 | Lair:4   | XOM: silly message
 25926 | Lair:5   | Identified a scroll of acquirement
 26102 | Lair:5   | XOM: silly message
 26444 | Lair:5   | XOM: 3-stop teleportation journey
 26473 | Lair:5   | XOM: noise
 26479 | Lair:5   | XOM: confuse monster(s)
 26492 | Lair:5   | XOM: potion effect (invisibility)
 26500 | Lair:5   | XOM: enchant monster (good)
 26780 | Lair:3   | XOM: colour smoke trail
 27014 | Lair:6   | XOM: colour smoke trail
 27021 | Lair:6   | XOM: divination: detect items
 27051 | Lair:6   | Got a smoking ring mail
 27062 | Lair:6   | Identified the cursed +5 ring mail of the Gravedigger {+Rage +Fly rElec} (You found it on level 6 of the Lair of Beasts)
 27123 | Lair:6   | XOM: god gift: hunting sling {god gift}
 27176 | Lair:6   | XOM: enchant monster (good)
 27177 | Lair:6   | XOM: divination: magic mapping
 27182 | Lair:6   | XOM: divination: detect items
 27183 | Lair:6   | XOM: summons friendly white imp
 27246 | Lair:6   | XOM: enchant monster (good)
 27296 | Lair:6   | Learned a level 4 spell: Animate Dead
 27416 | Lair:6   | XOM: confusion
 27433 | Lair:6   | XOM: potion effect (invisibility)
 27434 | Lair:6   | XOM: confuse monster(s)
 27469 | Lair:6   | XOM: swap monsters
 27491 | Lair:6   | XOM: summons friendly ufetubus
 27549 | Lair:6   | XOM: confuse monster(s)
 27744 | Lair:5   | Reached skill level 1 in Necromancy
 28254 | Lair:5   | XOM: snakes to sticks
 28518 | Lair:6   | XOM: confuse monster(s)
 28549 | Lair:6   | XOM: harmless Conj miscast
 28557 | Lair:6   | Found a staircase to the Shoals.
 28605 | Lair:6   | XOM: silly message
 28617 | Lair:6   | XOM: god gift: scroll of random uselessness
 29228 | Lair:6   | XOM: polymorph death yak -> something unseen
 29231 | Lair:6   | Reached skill level 5 in Fighting
 29233 | Lair:6   | Killed a ghost moth
 29233 | Lair:6   | Reached skill level 5 in Spellcasting
 29233 | Lair:6   | Reached XP level 14. HP: 96/98 MP: 3/26
 29244 | Lair:6   | XOM: confusion
 29259 | Lair:6   | HP: 4/98 [cloud of flame (15)]
 29260 | Lair:6   | Mangled by a death yak

Inventory:

Hand weapons
 b - a +4 glaive of venom
 i - a +0 halberd of protection (weapon)
 w - a +0 trident of flaming
Armour
 l - a +2 pair of gloves (worn)
 r - a +2 pair of boots (worn)
 s - a +1 cloak (worn)
 R - the cursed +5 ring mail of the Gravedigger (worn) {+Rage +Fly rElec}
   (You found it on level 6 of the Lair of Beasts)

   It insulates you from electricity.
   It lets you fly.
   It lets you go berserk.
   It has a curse placed upon it.
Jewellery
 a - a cursed amulet of clarity
 k - an uncursed ring of teleportation
 n - a ring of wizardry (right hand)
 o - an uncursed ring of invisibility
 A - an amulet of guardian spirit (around neck)
 Q - a ring of protection from fire (left hand)
Magical devices
 f - a wand of cold (0)
 j - a wand of magic darts (30)
 t - a wand of slowing (23)
 u - a wand of cold (7)
 z - a wand of fireball (2)
 C - a wand of teleportation (0)
 D - a wand of disintegration (12)
 F - a wand of enslavement (6)
 G - a wand of lightning (3)
 L - a wand of cold (10)
 P - a wand of slowing (33)
Scrolls
 c - 10 scrolls of teleportation
 d - 8 scrolls of amnesia
 e - a scroll of blinking
 g - 6 scrolls of recharging
 m - 3 scrolls of fear
 p - 5 scrolls of magic mapping
 q - 5 scrolls of remove curse
 v - 3 scrolls of torment
 x - a scroll of vulnerability
 y - a scroll of fog
 B - 10 scrolls of identify
Books
 O - a book of Unlife

   Spells                             Type                      Level
   Recall                             Summoning/Translocation      3
   *Animate Dead                      Necromancy                   4
   Control Undead                     Necromancy                   4
   Cigotuvi's Embrace                 Necromancy                   5
   Death Channel                      Necromancy                   6
   Simulacrum                         Ice/Necromancy               6
Miscellaneous
 H - a stone of tremors
 I - a lamp of fire (inert, charging)

Table legend:
 A = Turns spent in this place as a percentage of turns spent in the entire game.
 B = Non-inter-level travel turns spent in this place as a percentage of non-inter-level travel turns spent in the entire game.
 C = Inter-level travel turns spent in this place as a percentage of turns spent in this place.
 D = Turns resting spent in this place as a percentage of non-inter-level travel turns spent in this place.
 E = Turns spent auto-exploring this place as a percentage of non-inter-level travel turns spent in this place.
 F = Non-inter-level travel turns spent in this place divided by the number of levels of this place that you've seen.
                   A       B       C       D       E      F
               +-------+-------+-------+-------+-------+----------------------
         Total | 100.0 | 100.0 |   0.4 |   5.4 |   6.3 | 443.9
       Dungeon |  56.2 |  56.2 |   0.4 |   5.8 |   7.1 | 421.9
          Lair |  35.4 |  35.4 |   0.4 |   4.2 |   5.7 | 576.0
       Ossuary |   2.9 |   2.9 |   0.0 |   6.4 |   9.9 | 283.0
      Ice Cave |   0.9 |   0.9 |   0.0 |   7.1 |   0.0 |  85.0
       Volcano |   4.7 |   4.7 |   0.0 |   8.1 |   0.2 | 456.0
               +-------+-------+-------+-------+-------+----------------------


   Skills:
 + Level 5.1 Fighting
 + Level 13.8 Polearms
   Level 0.1 Slings
 - Level 7.1 Armour
 - Level 0.7 Dodging
 + Level 5.1 Spellcasting
 - Level 4.7 Conjurations
 - Level 2.1 Summonings
 + Level 2.9 Necromancy
 - Level 2.9 Translocations
 + Level 4.8 Ice Magic
 - Level 5.1 Air Magic
 - Level 8.1 Evocations


You had 3 spell levels left.
You knew the following spells:

 Your Spells              Type           Power        Failure   Level  Hunger
a - Apportation           Tloc           ##........   3%          1    N/A
b - Summon Butterflies    Summ           #.......     4%          1    N/A
c - Blink                 Tloc           N/A          4%          2    N/A
d - Mephitic Cloud        Conj/Pois/Air  ##......     6%          3    N/A
e - Freezing Cloud        Conj/Ice/Air   ###.......   97%         6    N/A
f - Conjure Flame         Conj/Fire      ##......     9%          3    N/A
g - Animate Dead          Necr           N/A          30%         4    N/A

Dungeon Overview and Level Annotations

Branches:
Dungeon (13/15)            Temple (0/1) D:5            Lair (6/8) D:9
 Shoals (0/5) Lair:6        Snake (0/5) Lair:3          Orc (0/4) D:10
  Slime: Lair:6-8    Vaults: D:13-14

Altars:
Ashenzari
Elyvilon
Fedhas
Nemelex Xobeh
Okawaru
Qazlal
Ru
Sif Muna
Vehumet
Xom
Yredelemnul
Zin
The Shining One

Shops:
D:5 [   D:7 %


Innate Abilities, Weirdness & Mutations

You do not eat or drink.
Your flesh is vulnerable to fire.
You are in touch with the powers of death.
You can restore your body by infusing magical energy.
Your flesh is cold resistant.
You are immune to negative energy.
Your system is resistant to poisons.
You are immune to unholy pain and torment.
You can survive without breathing.


Message History

The death yak gores you but does no damage.
The soldier ant zombie hits you.
The death yak gores you but does no damage.
You hear a distant blaring wail behind you!
The death yak gores you but does no damage.
The soldier ant zombie hits you but does no damage.
Your soldier ant zombie hits the death yak.
The death yak closely misses you.
The death yak gores you but does no damage.
The soldier ant zombie barely misses you.
Your soldier ant zombie hits the death yak.
The death yak closely misses you. The death yak gores you!
The soldier ant zombie hits you but does no damage.
Your soldier ant zombie barely misses the death yak.
The death yak gores you. x2
The soldier ant zombie hits you but does no damage.
Your soldier ant zombie hits the death yak but does no damage.
The death yak completely misses you. The death yak gores you!
The death yak gores you!
The soldier ant zombie closely misses you.
Your soldier ant zombie hits the death yak!
The death yak gores you!!
The death yak gores you but does no damage. x2
The soldier ant zombie closely misses you.
Your soldier ant zombie hits the death yak.
Evoke which item? (* to show all) (? for menu, Esc to quit)
Aim the lamp in which direction?
Press: ? - help, Dir - move target cursor, f - death yak
Aim: a death yak (heavily wounded)
The flames dance!
The death yak closely misses you. The death yak gores you!
The soldier ant zombie hits you but does no damage.
Your soldier ant zombie hits the death yak but does no damage.
Unknown command.
You are engulfed in roaring flames.
The death yak closely misses you.
The soldier ant zombie hits you but does no damage.
You are engulfed in roaring flames.
You're too confused!
The death yak gores you!
You die...
Xom cackles wildly!

##...###....####.#......P
#....#.....# ##........
##...##.#...### #.#...P..
#P.#.###Z.....# ###...##.
###..P##.....## #...#(#.
#P.P###...## ##....## #PP.#
#...## ####..###
##PPP###....# #.##...##
#PPP###@....####..#....#
#....#§.Y..PP.......PPP§
##..###YZ..........P...P
##P.P#..Z.............##
##..Z##.#....#..###.####
##...Z..###..###.# #.#
#.......###..##§######
##...P...P.....####.###
#...P...........##....#####


You could see 2 death yaks, a soldier ant zombie and a friendly soldier ant
zombie.

Table legend:
 A = Kills in this place as a percentage of kills in entire the game.
 B = Kills by you in this place as a percentage of kills by you in the entire game.
 C = Kills by friends in this place as a percentage of kills by friends in the entire game.
 D = Other kills in this place as a percentage of other kills in the entire game.
 E = Experience gained in this place as a percentage of experience gained in the entire game.
 F = Experience gained in this place divided by the number of levels of this place that you have seen.
                   A       B       C       D       E      F
               +-------+-------+-------+-------+-------+----------------------
         Total | 100.0 | 100.0 | 100.0 | 100.0 | 100.0 | 2944.5
       Dungeon |  57.6 |  57.8 |  59.5 |  47.1 |  40.8 | 2035.2
          Lair |  34.0 |  33.2 |  40.5 |  47.1 |  54.1 | 5841.7
       Ossuary |   4.4 |   4.6 |   0.0 |   5.9 |   0.1 |  44.0
      Ice Cave |   1.0 |   1.1 |   0.0 |   0.0 |   1.2 | 789.0
       Volcano |   2.9 |   3.2 |   0.0 |   0.0 |   3.8 | 2438.0
               +-------+-------+-------+-------+-------+----------------------

Vanquished Creatures
  A ghost moth (Lair:6)
  4 hydras
  2 death yaks (Lair:6)
  The ghost of Ololoev the Cleaver, an experienced VSBe of Trog (D:11)
  A hill giant (D:12)
  3 manticores
  2 ugly things
  2 black mambas
  10 spiny frogs
  3 elephants (Lair:5)
  A cyclops (D:13)
  2 sirens (Lair:6)
  A gargoyle (D:9)
  6 komodo dragons
  A queen ant (Lair:6)
  4 kobold demonologists
  A guardian mummy (Volcano)
  A fire drake (Lair:5)
  A troll (D:11)
  2 polar bears
  3 minotaur skeletons (Volcano)
  A two-headed ogre (shapeshifter) (D:7)
  2 flying skulls (Volcano)
  2 basilisks
  A wyvern (Lair:6)
  15 blink frogs
  A trapdoor spider (D:13)
  2 vampires (Volcano)
  8 hippogriffs
  A wraith (D:11)
  A deep elf mage (D:11)
  24 yaks
  A spriggan (Lair:4)
  A hog (D:13)
  A human (D:13)
  A hill giant skeleton (Volcano)
  20 wolves
  Menkaure (D:7)
  A warg (D:10)
  6 soldier ants (Lair:6)
  10 water moccasins
  A deep dwarf (shapeshifter) (D:13)
  10 ice beasts
  An eye of draining (D:13)
  2 yellow wasps
  7 porcupines
  A black bear (Lair:4)
  3 orc warriors
  A sky beast (D:9)
  3 ogres
  10 centaurs
  4 phantoms
  8 crocodiles
  2 gnoll sergeants
  Blork the orc (D:8)
  A wyvern zombie (D:13)
  7 big kobolds
  24 giant frogs
  A water moccasin zombie (D:11)
  A wyvern skeleton (D:12)
  A scorpion (D:11)
  14 killer bees
  2 troll skeletons (Volcano)
  4 jellies
  2 vampire bats (D:4)
  A spriggan skeleton (Volcano)
  6 crimson imps
  3 centaur zombies
  An electric eel (Lair:4)
  4 goliath beetles
  5 orc priests
  A quasit (D:5)
  10 hounds
  14 iguanas
  An iron imp (Lair:3)
  A two-headed ogre skeleton (Volcano)
  4 centaur skeletons
  10 orc wizards
  21 worker ants
  A killer bee zombie (D:9)
  A sheep (D:13)
  A sheep (shapeshifter) (IceCv)
  An ogre skeleton (Volcano)
  A naga skeleton (Volcano)
  4 worker ant zombies
  6 mummies
  14 adders
  9 gnolls
  42 river rats
  A giant mite (D:2)
  3 white imps
  A giant eyeball (Lair:2)
  6 shadow imps
  2 worms
  2 ufetubi
  An adder zombie (Lair:6)
  An adder skeleton (D:4)
  2 giant geckos
  An ooze (D:2)
  44 orcs
  2 ball pythons
  A bat skeleton (D:6)
  5 giant cockroaches
  3 gnoll zombies (Ossuary)
  12 goblins
  14 hobgoblins
  10 jackals
  17 quokkas
  13 bats
  5 giant newts
  2 gnoll skeletons (Ossuary)
  2 goblin skeletons (Ossuary)
  2 goblin zombies (Ossuary)
  2 hobgoblin skeletons (Ossuary)
  3 hobgoblin zombies (Ossuary)
  A jackal skeleton (D:6)
  34 kobolds
  4 kobold skeletons (Ossuary)
  8 kobold zombies (Ossuary)
  An orc skeleton (Ossuary)
  An orc zombie (Ossuary)
  2 quokka skeletons (D:4)
  A quokka zombie (D:7)
  16 rats
  A rat (shapeshifter) (D:3)
  2 rat skeletons (Ossuary)
  A rat zombie (Ossuary)
  5 ballistomycetes
659 creatures vanquished.

Vanquished Creatures (collateral kills)
  2 centaur warriors (D:13)
  A catoblepas (Lair:5)
  2 hill giants
  2 kobold demonologists
  2 yaks (D:13)
  A sky beast (D:5)
  An ice beast (D:12)
  A black bear (Lair:1)
  3 centaurs
  3 wights (D:12)
  An iguana (D:12)
  A worker ant (D:5)
  Ijyb (D:7)
  11 river rats
  A hobgoblin (D:8)
  2 quokkas
  2 kobolds (D:11)
37 creatures vanquished.

Vanquished Creatures (others)
  An elephant (Lair:5)
  A black mamba (Lair:1)
  2 fire vortices
  A shadow (D:13)
  A yak (D:13)
  A soldier ant (Lair:6)
  A sky beast (D:9)
  An ice beast (IceCv)
  A centaur (D:13)
  A brain worm (D:12)
  A crimson imp (D:5)
  A quasit (Volcano)
  3 iron imps
  2 worker ants
  A mummy (Ossuary)
  2 worker ant zombies (Lair:6)
  4 shadow imps
  3 white imps
  An ufetubus (Lair:6)
  A hobgoblin (D:7)
  A jackal (D:1)
  2 quokkas
  A bat (D:4)
  2 giant spores
  A gnoll skeleton (Ossuary)
  4 goblin skeletons (Ossuary)
  A goblin zombie (Ossuary)
  4 hobgoblin skeletons (Ossuary)
  A hobgoblin zombie (D:11)
  A kobold (D:7)
  2 kobold skeletons (Ossuary)
  3 kobold zombies
  2 orc zombies (Ossuary)
  A rat skeleton (Ossuary)
  2 rat zombies (Ossuary)
  9 fungi
67 creatures vanquished.

Grand Total: 763 creatures vanquished

Action                   |  1- 3 |  4- 6 |  7- 9 | 10-12 | 13-15 || total
-------------------------+-------+-------+-------+-------+-------++-------
Melee: Spear             |   169 |   307 |   607 |   635 |       ||  1718
       Halberd           |       |       |    31 |  1033 |   950 ||  2014
       Mace              |       |       |       |     5 |       ||     5
       Trident           |       |       |       |     1 |    16 ||    17
       Glaive            |       |       |       |       |    27 ||    27
 Fire: Hunting sling     |    16 |     7 |    11 |       |       ||    34
 Cast: Conjure Flame     |       |       |       |    23 |    19 ||    42
       Mephitic Cloud    |       |       |       |     9 |    39 ||    48
       Apportation       |       |       |       |       |     3 ||     3
       Blink             |       |       |       |       |     2 ||     2
       Animate Dead      |       |       |       |       |     1 ||     1
 Abil: Evoke Invisibilit |       |     9 |     8 |    15 |       ||    32
       Evoke Flight      |       |       |       |     1 |       ||     1
Evoke: Wand              |       |     1 |    26 |    58 |    18 ||   103
       Stone of tremors  |       |       |       |     1 |     1 ||     2
       Lamp of fire      |       |       |       |       |     2 ||     2
  Use: Scroll            |       |     6 |    14 |    16 |    11 ||    47
 Stab: Invisible         |     2 |    11 |    24 |    33 |    11 ||    81
       Sleeping          |     2 |       |       |       |       ||     2
       Paralysed         |     1 |     1 |     6 |    15 |       ||    23
       Petrified         |     2 |       |     1 |       |     2 ||     5
       Confused          |       |     3 |       |    18 |    26 ||    47
       Petrifying        |       |       |     5 |     3 |       ||     8
       Distracted        |       |       |       |     2 |     1 ||     3
       Fleeing           |       |       |       |       |     1 ||     1

Vault maps used:
D:1:      minmay_arrival_widening_spiral_wide
D:2:      nicolae_overflow_hidden_temple
D:4:      tso_oasis_becter, first_bread, roderic_batcave
D:5:      amethyst_overflow_temple_binary, temple_statues, serial_shops, shop,
          moated_statue
D:6:      gammafunk_temple_overflow_pools, uniq_prince_ribbit1
D:7:      zin_angel, nicolae_ossuary_entry_plus, kennysheep_small_square,
          uniq_menkaure, uniq_iyjb
D:8:      nicolae_overflow_crystal_walls, lair_0_dummy, uniq_blork_the_orc
D:9:      elyvilon_altar_4, old_standard_altar, lemuel_doored_altar,
          due_lair_maze_entry_diamond, basic_altar
D:10:     david_orc_3
D:13:     portal_ice_cave_entry_pillars_03, grunt_livestock, feat_on_display
Lair:1:   beast_lair_carwin_8, bh_autumn_forest_stairs
Lair:2:   nicolae_volcano_entry_two_sided, serial_bayou_pond_b,
          guppyfry_lair_drakes
Lair:3:   dummy_snake_entry, grunt_forest_stairs_clearing
Lair:5:   boulder_quad_collide
Lair:6:   elwin_shoals_entry_rooms, zaba_antful_of_joy
Ossuary:  ossuary_due_pyramid
IceCv:    ice_cave_statue_garden_01
Volcano:  volcano_tomb
